Map: Arctic Dream LE

Players

Briggs

  • Race: Terran Terran
  • League: Platinum
  • Spawn Location: 5:00

Titan

  • Race: Protoss Protoss
  • Spawn Location: 6:00

AntiDiarrhea - Winner!

  • Race: Zerg Zerg
  • League: Platinum
  • Spawn Location: 12:00

filosdelta - Winner!

  • Race: Terran Terran
  • Spawn Location: 11:00

VOD

Have the link to the VOD?

Description

Time

  • Played on: July 16, 2022, 8:06 p.m.
  • Length: 18:21
Show
View Real Time Build Order
Export as new Build Order

Briggs Terran 

Build Orders:  

Get SALT Encoding   

  12  0:00  SCV  
  13  0:13  Supply Depot  
  13  0:18  SCV  
  14  0:30  SCV  
  15  0:37  Barracks  
  15  0:42  SCV  
  16  0:47  Refinery  
  16  0:54  SCV  
  17  1:21  Command Center  
  17  1:25  Marine  
  18  1:34  Supply Depot  
  18  1:39  SCV  
  19  1:53  SCV  
  21  1:54  Reaper  
  21  2:07  SCV  
  22  2:20  SCV  
  23  2:26  Marine  
  24  2:33  SCV  
  25  2:38  Factory  
  25  2:41  Barracks  
  25  2:45  SCV  
  25  2:50  Orbital Command  
  26  3:23  SCV  
  26  3:25  Orbital Command  
  27  3:30  Barracks Tech Lab, Command Center  
  27  3:31  Marine  
  27  3:32  Factory Reactor  
  28  3:37  Starport  
  27  3:52  Marine  
  27  3:53  Marine  
  27  3:54  Combat Shield  
  29  3:57  SCV x2  
  29  4:01  Refinery  
  31  4:09  SCV x2  
  33  4:13  Supply Depot  
  33  4:17  Engineering Bay  
  33  4:21  SCV x2  
  35  4:30  Widow Mine x2  
  39  4:33  SCV  
  39  4:34  SCV  
  41  4:38  Medivac  
  43  4:45  SCV  
  43  4:51  Widow Mine x2  
  43  4:52  Marine x2  
  51  5:00  SCV x2  
  51  5:01  Orbital Command  
  51  5:05  Refinery  
  52  5:07  Refinery  
  52  5:10  Marine x2  
  54  5:19  Hellion x2  
  58  5:21  Starport Reactor  
  58  5:51  SCV x3  
  61  5:59  Supply Depot  
  61  6:03  Barracks, SCV x2  
  63  6:04  Barracks  
  63  6:06  Barracks  
  63  6:08  Starport  
  63  6:13  Factory  
  63  6:14  Supply Depot x2  
  63  6:16  Supply Depot  
  63  6:17  Missile Turret  
  63  6:23  Supply Depot  
  63  6:39  Armory  
  61  6:40  Armory  
  61  6:42  SCV x3  
  61  6:43  Armory  
  56  6:54  SCV x3  
  57  7:02  Viking x2  
  57  7:05  Marine x2, Widow Mine x2  
  57  7:06  SCV x2  
  64  7:08  Missile Turret  
  64  7:09  Missile Turret  
  62  7:19  Missile Turret  
  62  7:21  Factory Tech Lab  
  62  7:22  Missile Turret  
  62  7:23  Marine x2  
  64  7:32  Viking x2, Terran Vehicle And Ship Armor Level 1  
  64  7:34  Terran Vehicle Weapons Level 1, Terran Ship Weapons Level 1  
  68  7:48  Orbital Command  
  68  7:53  SCV  
  68  7:54  SCV  
  70  8:02  Supply Depot x2, Starport Reactor  
  70  8:04  Supply Depot  
  70  8:05  Barracks Reactor, SCV  
  71  8:06  Stimpack, SCV  
  71  8:10  Infernal Pre-Igniter  
  72  8:17  SCV  
  72  8:18  SCV  
  72  8:19  Factory x2  
  68  8:29  SCV  
  68  8:30  SCV  
  63  8:41  SCV  
  63  8:42  SCV  
  63  8:43  Viking x3  
  70  8:58  SCV x3  
  73  9:10  SCV x3  
  76  9:22  SCV x3  
  79  9:25  Viking x3  
  79  9:26  Command Center, Viking, Marine  
  79  9:27  Marine x2  
  79  9:30  Command Center  
  90  9:34  SCV x3  
  93  9:44  Siege Tank  
  96  9:46  Concussive Shells  
  96  9:49  Widow Mine x2  
  96  9:50  Marine  
  96  9:51  Marine x3  
  104  10:08  Marine  
  104  10:09  Viking x2, Marine x3  
  104  10:10  Widow Mine  
  104  10:11  Widow Mine  
  116  10:14  Refinery  
  116  10:15  SCV x3  
  116  10:16  Refinery  
  119  10:27  SCV x3  
  122  10:32  Widow Mine x2  
  126  10:38  Orbital Command  
  126  10:39  SCV x2  
  126  10:42  Factory  
  128  10:43  Barracks, Starport  
  128  10:44  Barracks  
  128  10:45  Barracks  
  128  10:53  Widow Mine x2  
  132  11:07  Siege Tank  
  132  11:10  Liberator  
  132  11:11  Viking  
  140  11:12  Marine  
  140  11:13  Marine x3  
  140  11:15  SCV  
  140  11:16  SCV x3  
  148  11:19  Refinery  
  148  11:20  Orbital Command, Refinery  
  148  11:23  Refinery  
  148  11:30  Marine  
  148  11:31  Marine x2  
  151  11:39  Siege Tank  
  154  11:50  Refinery  
  154  11:57  Barracks Tech Lab, Barracks Reactor  
  154  11:58  Barracks Tech Lab  
  154  12:01  Factory Tech Lab, Starport Tech Lab  
  154  12:11  Siege Tank, Factory  
  154  12:15  Barracks  
  136  12:16  Barracks, SCV x5  
  136  12:17  Barracks  
  136  12:19  Barracks  
  110  12:28  SCV x5  
  111  12:34  Siege Tank  
  111  12:36  Hellbat x2  
  118  12:40  SCV x5, Liberator x3  
  118  12:41  Liberator  
  118  12:43  Hellbat, Raven  
  118  12:44  Marine  
  139  12:45  Marauder x3  
  139  12:47  Marine x4  
  150  12:52  SCV x4  
  150  12:56  SCV  
  150  12:57  Hellbat  
  157  13:01  Marine  
  157  13:04  SCV x3  
  157  13:05  SCV, Marine  
  163  13:16  Factory Reactor  
  163  13:22  Barracks Tech Lab x4  
  163  13:27  Supply Depot x2  
  163  13:28  Terran Vehicle And Ship Armor Level 2, Terran Ship Weapons Level 2, Terran Vehicle Weapons Level 2, Supply Depot  
  163  13:29  SCV x2  
  163  13:30  Marine x4  
  163  13:31  Marine, Supply Depot  
  163  13:32  Marauder, SCV  
  163  13:33  SCV x2  
  163  13:34  Marauder  
  163  13:48  Marine x4  
  163  13:49  Marauder, SCV, Marine  
  163  13:54  Marauder  
  163  13:55  Marauder  
  175  14:06  Marine x3  
  175  14:07  Command Center  
  175  14:10  Marauder  
  175  14:14  Marine  
  175  14:16  Marine  
  169  14:24  Marine  
  169  14:25  Marine x4  
  169  14:26  Viking x4  
  181  14:31  Marine  
  181  14:32  Marine  
  181  14:34  Marine  
  105  14:46  Thor  
  105  14:49  Thor  
  105  14:50  Marine x3  
  105  14:51  Marine x3  
  105  14:52  Marine  
  97  14:56  Viking x4  
  103  15:06  Marine  
  103  15:08  Marine x5  
  103  15:09  Marine  
  103  15:13  Starport  
  109  15:24  Marine  
  109  15:25  SCV x4  
  109  15:26  Viking x3, Marine x5  
  109  15:27  Marine  
  126  15:29  Thor  
  126  15:34  Viking  
  134  15:36  Factory Tech Lab  
  134  15:37  SCV x4  
  134  15:42  Marine  
  139  15:44  Marine x5  
  139  15:45  Terran Infantry Weapons Level 1, Marine  
  139  15:48  Engineering Bay  
  145  15:54  Factory Tech Lab x2  
  145  15:56  Viking x2  
  149  15:59  Marine  
  149  16:01  SCV x4  
  149  16:02  Marine x5  
  159  16:11  Thor  
  159  16:12  Command Center  
  159  16:13  SCV x3  
  159  16:15  Command Center  
  168  16:27  Viking  
  167  17:01  Thor  
  167  17:05  Thor  
  98  17:27  Siege Tank  
  94  17:31  Medivac x2  
  94  17:32  Hellbat x2  
  94  17:34  Marine  
  94  17:35  Marine x2  
  94  17:36  Marine x2  
  85  17:38  Liberator  
  94  17:45  SCV  
  94  17:48  Siege Tank  
  94  17:52  Marine  
  94  17:53  Marine x2  
  94  17:54  Hellbat x2, Marine x2  
Show
View Real Time Build Order
Export as new Build Order

Titan Protoss 

Build Orders: 1 Gate Expand, Oracle Opening, Phoenix Opening, Carriers 

Get SALT Encoding   

  12  0:01  Probe  
  13  0:16  Pylon  
  13  0:17  Probe  
  14  0:29  Probe  
  15  0:40  Gateway  
  15  0:41  Probe (Chrono Boost)  
  16  0:47  Assimilator  
  17  0:51  Probe (Chrono Boost)  
  17  0:56  Probe (Chrono Boost)  
  18  1:07  Probe  
  19  1:20  Probe  
  20  1:27  Nexus  
  20  1:35  Cybernetics Core  
  20  1:39  Probe  
  21  1:44  Assimilator  
  21  1:52  Pylon  
  21  1:54  Probe  
  22  2:06  Probe  
  23  2:17  Stargate  
  23  2:19  Stalker  
  26  2:22  Probe  
  26  2:36  Probe  
  27  2:43  Probe  
  28  2:48  Probe  
  29  2:55  Probe  
  30  3:00  Probe  
  30  3:02  Assimilator, Protoss Air Weapons Level 1 (Chrono Boost)  
  30  3:04  Oracle (Chrono Boost)  
  30  3:05  Assimilator  
  31  3:07  Probe  
  36  3:12  Probe  
  36  3:19  Pylon  
  37  3:27  Probe x2  
  38  3:38  Stargate  
  38  3:39  Probe x2  
  40  3:56  Phoenix (Chrono Boost)  
  40  4:32  Phoenix (Chrono Boost)  
  44  4:40  Phoenix (Chrono Boost)  
  44  4:43  Gateway  
  44  4:44  Zealot  
  46  4:46  Gateway x2  
  46  4:50  Twilight Council  
  46  4:51  Phoenix  
  48  4:57  Probe x2  
  50  5:03  Pylon  
  50  5:04  Phoenix  
  52  5:07  Warp Gate  
  43  5:41  Pylon, Probe x2  
  45  5:50  Phoenix x2  
  45  5:53  Probe x2  
  51  6:00  Zealot x3  
  57  6:04  Charge  
  57  6:05  Probe  
  57  6:06  Probe  
  59  6:59  Protoss Air Armor Level 1 (Chrono Boost)  
  59  7:26  Pylon  
  59  7:28  Pylon  
  59  7:29  Pylon  
  59  7:32  Shield Battery  
  59  7:36  Probe  
  60  7:39  Probe  
  60  7:40  Nexus  
  69  7:48  Probe  
  69  7:50  Void Ray x2  
  69  7:51  Probe  
  71  7:58  Fleet Beacon  
  71  8:00  Probe  
  71  8:03  Probe  
  73  8:06  Zealot  
  73  8:07  Zealot  
  73  8:12  Probe  
  78  8:14  Pylon  
  78  8:15  Probe  
  79  8:24  Probe  
  80  8:27  Probe  
  81  9:05  Probe  
  82  9:10  Shield Battery  
  82  9:17  Probe  
  82  9:18  Probe x2  
  85  9:26  Assimilator  
  85  9:28  Assimilator, Carrier x2 (Chrono Boost)  
  85  9:29  Probe  
  85  9:30  Probe x2  
  100  9:41  Probe  
  100  9:42  Anion Pulse-Crystals, Probe x2  
  103  9:46  Protoss Air Weapons Level 2 (Chrono Boost)  
  103  9:49  Zealot  
  103  9:50  Zealot x2  
  103  9:51  Cybernetics Core  
  109  9:57  Pylon  
  109  9:58  Pylon  
  109  9:59  Pylon  
  109  10:15  Probe x3  
  112  10:27  Probe x3  
  115  10:29  Nexus  
  114  10:39  Probe  
  115  10:49  Void Ray  
  106  10:50  Void Ray  
  106  10:51  Probe  
  106  10:53  Probe  
  104  11:03  Probe  
  104  11:04  Probe  
  100  11:05  Probe  
  101  11:15  Probe  
  101  11:16  Probe  
  101  11:17  Probe  
  104  11:27  Probe  
  104  11:28  Probe  
  104  11:29  Probe  
  107  11:37  Protoss Air Armor Level 2 (Chrono Boost)  
  107  11:39  Probe  
  105  11:40  Probe  
  105  11:41  Probe  
  107  11:48  Nexus  
  107  11:51  Pylon, Probe  
  96  11:54  Pylon  
  96  11:57  Forge  
  96  12:02  Shield Battery  
  96  12:03  Shield Battery  
  96  12:09  Pylon  
  92  12:25  Mothership  
  100  12:33  Dark Shrine  
  100  12:38  Robotics Facility x2, Zealot x2  
  100  12:39  Zealot x2  
  108  12:47  Photon Cannon  
  108  12:49  Photon Cannon  
  108  12:50  Photon Cannon  
  108  13:09  Zealot x2  
  108  13:10  Zealot x2  
  116  13:13  Photon Cannon  
  116  13:15  Shield Battery  
  116  13:24  Carrier x2  
  116  13:25  Pylon  
  116  13:27  Pylon  
  128  13:31  Robotics Bay  
  128  13:36  Templar Archives  
  128  13:38  Observer x2  
  128  13:40  Flux Vanes  
  130  13:51  Pylon, Photon Cannon  
  130  13:53  Photon Cannon  
  130  13:56  Shield Battery  
  130  13:57  Shield Battery  
  130  13:58  Shield Battery  
  130  14:02  Pylon  
  130  14:05  Photon Cannon  
  108  14:24  Dark Templar  
  108  14:25  Dark Templar  
  108  14:26  Dark Templar x2  
  99  14:50  Colossus x2  
  111  14:54  Carrier x2  
  123  15:08  Probe  
  124  15:20  Probe  
  125  15:32  Probe, Zealot x3  
  125  15:33  Zealot  
  134  15:44  Probe  
  134  15:49  Nexus  
  135  15:51  Pylon  
  135  15:53  Pylon x2  
  135  15:54  High Templar x2  
  135  15:55  High Templar x2  
  135  15:56  Pylon x2, Probe  
  144  15:59  Archon  
  144  16:00  Photon Cannon  
  144  16:02  Photon Cannon  
  144  16:09  Archon  
  144  16:28  Gateway  
  144  16:30  Gateway x2  
  112  17:04  High Templar  
  112  17:05  High Templar x2  
  112  17:06  High Templar  
  120  17:12  Carrier  
  120  17:13  Carrier  
  120  17:14  Colossus  
  144  17:35  Dark Templar  
  144  17:36  Dark Templar x2  
  150  17:40  Archon  
  150  17:41  Archon  
Show
View Real Time Build Order
Export as new Build Order

AntiDiarrhea Zerg - Winner!

Build Orders: Hatch First 

Get SALT Encoding   

  12  0:00  Drone  
  13  0:09  Drone  
  14  0:34  Hatchery  
  13  0:38  Drone  
  14  0:45  Overlord  
  14  0:58  Extractor, Drone  
  14  1:05  Drone  
  14  1:06  Drone  
  16  1:19  Spawning Pool  
  16  1:20  Drone  
  16  1:25  Drone  
  17  1:33  Drone  
  18  1:43  Drone  
  19  1:50  Drone  
  20  1:59  Hatchery  
  19  2:04  Drone x2  
  21  2:10  Metabolic Boost  
  21  2:22  Zergling x2, Drone  
  23  2:23  Zergling x2  
  23  2:27  Overlord  
  24  2:36  Drone  
  25  2:37  Queen  
  27  2:48  Overlord  
  27  3:07  Drone x3  
  30  3:25  Drone x2  
  32  3:27  Zergling x2  
  32  3:28  Zergling x6  
  32  3:29  Queen  
  32  3:30  Queen  
  40  3:43  Drone  
  41  3:49  Drone x2  
  41  3:53  Spore Crawler  
  41  3:54  Spore Crawler, Spine Crawler  
  40  3:56  Spore Crawler  
  40  3:58  Drone x3  
  40  3:59  Drone x3  
  45  4:03  Overlord  
  45  4:43  Extractor, Drone  
  45  4:44  Drone x4  
  45  4:45  Extractor, Drone x3  
  51  5:00  Spore Crawler, Lair  
  51  5:04  Roach Warren  
  45  5:35  Drone x2  
  45  5:36  Drone x3  
  45  5:37  Drone  
  45  5:38  Drone x2  
  45  5:39  Extractor, Drone  
  45  5:41  Queen  
  54  5:49  Evolution Chamber  
  53  5:51  Evolution Chamber, Drone x2, Overlord  
  53  5:52  Overlord  
  54  5:58  Zergling x6  
  57  6:06  Spore Crawler  
  57  6:08  Spore Crawler  
  57  6:10  Pneumatized Carapace, Spore Crawler  
  54  6:13  Drone x3  
  54  6:17  Hatchery  
  56  6:22  Zergling x2  
  56  6:23  Roach x4  
  56  6:24  Zergling x8, Roach x2  
  73  6:33  Spore Crawler, Overlord  
  73  6:37  Zerg Missile Weapons Level 1  
  73  6:38  Zerg Melee Weapons Level 1  
  64  6:49  Overseer  
  64  6:51  Drone x2  
  64  6:52  Drone x2  
  63  7:07  Overlord x3  
  61  7:11  Drone  
  61  7:12  Drone x3  
  61  7:14  Overlord x3  
  65  7:25  Queen x3  
  65  7:28  Drone x2  
  65  7:29  Drone x4  
  77  7:33  Drone  
  78  7:44  Overlord x3  
  78  7:47  Glial Reconstitution  
  78  7:55  Hydralisk Den  
  78  7:57  Drone x2  
  78  7:58  Extractor, Drone  
  80  8:00  Drone x2  
  80  8:01  Drone  
  82  8:08  Zergling x12  
  79  8:49  Hydralisk x8  
  79  8:50  Hydralisk x4  
  103  8:57  Queen  
  103  8:58  Queen x2  
  103  9:00  Drone  
  109  9:04  Zerg Missile Weapons Level 2  
  109  9:06  Tunneling Claws  
  109  9:07  Zerg Melee Weapons Level 2  
  109  9:19  Grooved Spines  
  109  9:27  Drone  
  110  9:32  Zergling x2, Queen  
  110  9:33  Zergling x18  
  122  9:45  Drone x3  
  125  9:52  Hatchery  
  124  9:54  Overseer  
  124  10:06  Drone x3  
  127  10:09  Hatchery  
  127  10:10  Drone x2  
  127  10:11  Drone x2  
  127  10:12  Overlord x4  
  130  10:22  Extractor, Drone  
  130  10:31  Muscular Augments  
  127  10:54  Hydralisk x11  
  127  10:55  Roach x2  
  127  10:56  Roach x3  
  150  11:05  Drone  
  150  11:06  Queen  
  153  11:26  Spore Crawler  
  153  11:27  Spine Crawler  
  153  11:28  Spore Crawler, Spine Crawler  
  149  11:49  Queen, Drone x3  
  154  11:59  Zerg Ground Armor Level 1  
  154  12:02  Infestation Pit  
  131  12:37  Overlord x4  
  131  12:38  Hydralisk  
  131  12:39  Hydralisk x8  
  149  12:44  Overseer x2  
  149  12:58  Drone x3  
  150  13:03  Hive  
  150  13:12  Zergling x2  
  151  13:13  Zergling x10  
  151  13:14  Zergling x2  
  149  13:40  Zergling x26  
  149  13:41  Zergling x22  
  173  13:59  Overseer  
  134  14:50  Hydralisk  
  134  14:51  Hydralisk x24  
  142  14:56  Zerg Missile Weapons Level 3  
  142  14:57  Zerg Ground Armor Level 2  
  141  15:03  Drone  
  141  15:04  Drone x4  
  141  15:17  Overlord x3  
  139  15:25  Extractor  
  139  15:26  Hydralisk  
  139  15:27  Hydralisk x9  
  158  15:34  Overseer  
  158  15:46  Drone  
  158  15:47  Drone x2  
  161  16:04  Zergling x2  
  161  16:05  Zergling x34  
  161  16:07  Adrenal Glands  
  161  16:10  Extractor  
  178  16:13  Lurker Den  
  178  16:18  Spire  
  176  16:23  Spine Crawler x4  
  176  16:25  Spore Crawler x2, Drone x3, Spine Crawler  
  172  16:26  Drone x5  
  172  16:27  Drone  
  178  16:39  Hatchery  
  177  16:48  Drone x3  
  177  16:49  Hydralisk  
  182  16:56  Overlord x5  
  182  17:12  Extractor  
  182  17:13  Extractor  
  182  17:14  Adaptive Talons  
  178  17:33  Lurker x4  
  178  17:34  Lurker  
Show
View Real Time Build Order
Export as new Build Order

filosdelta Terran - Winner!

Build Orders:  

Get SALT Encoding   

  12  0:04  SCV  
  13  0:16  SCV  
  13  0:20  Supply Depot  
  14  0:28  SCV  
  15  0:36  Refinery  
  15  0:42  SCV  
  16  0:46  Barracks  
  16  0:54  SCV  
  17  1:08  SCV  
  18  1:21  SCV  
  19  1:33  Orbital Command  
  19  1:35  Marine  
  20  1:57  Factory  
  20  2:00  SCV  
  20  2:03  Barracks Reactor  
  20  2:10  Supply Depot  
  20  2:14  SCV  
  21  2:27  Command Center  
  21  2:33  SCV  
  22  2:42  Hellion  
  25  2:46  Marine x2  
  25  2:47  SCV  
  27  3:03  Command Center  
  27  3:08  SCV  
  28  3:13  Marine x2  
  28  3:15  Refinery  
  30  3:20  SCV  
  30  3:21  Factory Tech Lab  
  31  3:32  Starport  
  31  3:39  SCV  
  32  3:47  Marine x2  
  33  3:51  SCV  
  34  3:57  Orbital Command  
  34  4:03  SCV  
  34  4:04  Siege Tank  
  38  4:14  Fusion Core  
  38  4:15  Starport Tech Lab  
  37  4:29  Marine x2  
  37  4:30  SCV x2  
  40  4:35  Refinery  
  40  4:37  Refinery  
  40  4:42  SCV  
  40  4:43  Viking  
  40  4:44  SCV  
  44  4:49  Supply Depot  
  44  4:54  SCV  
  44  4:56  SCV  
  46  5:10  SCV x2  
  46  5:12  Supply Depot  
  48  5:18  Battlecruiser  
  54  5:27  Command Center  
  54  5:33  SCV  
  55  5:41  SCV  
  56  5:43  Siege Tank  
  56  5:45  Orbital Command, SCV  
  60  5:53  SCV  
  61  5:57  SCV  
  62  6:05  SCV  
  62  6:11  Starport  
  63  6:15  Refinery  
  63  6:16  SCV x2, Refinery  
  65  6:19  SCV  
  66  6:26  Engineering Bay  
  66  6:28  SCV  
  67  6:33  SCV  
  67  6:34  Marine x2  
  69  6:43  Viking  
  69  6:45  SCV  
  69  6:46  Cyclone  
  71  6:49  Orbital Command  
  71  6:57  SCV  
  73  7:16  Battlecruiser  
  73  7:17  Starport Tech Lab  
  73  7:19  Orbital Command  
  73  7:21  Starport  
  79  7:29  Weapon Refit  
  78  7:34  SCV x2  
  80  7:37  Command Center  
  80  7:42  Missile Turret  
  80  7:47  Armory  
  80  7:59  Battlecruiser  
  80  8:00  Starport Tech Lab  
  86  8:06  Armory  
  86  8:08  SCV  
  87  8:16  SCV x2  
  89  8:20  SCV  
  89  8:23  SCV  
  89  8:27  Sensor Tower  
  91  8:28  SCV  
  92  8:36  SCV x2, Supply Depot, Battlecruiser  
  92  8:38  Supply Depot  
  92  8:40  Terran Ship Weapons Level 1  
  100  8:49  SCV x2  
  102  8:57  SCV x2  
  102  9:00  Missile Turret  
  104  9:04  Missile Turret  
  104  9:06  Battlecruiser  
  110  9:10  Missile Turret  
  110  9:11  Missile Turret  
  110  9:28  Battlecruiser  
  110  9:29  Marine x2  
  118  9:32  SCV  
  118  9:34  Terran Vehicle And Ship Armor Level 1, Barracks  
  118  9:35  SCV x3  
  122  9:38  Command Center  
  122  9:39  Orbital Command  
  122  9:40  Command Center  
  122  9:42  Missile Turret  
  122  9:49  Missile Turret  
  122  9:51  Missile Turret, Battlecruiser  
  128  9:56  SCV x2  
  130  10:00  SCV  
  131  10:19  Refinery  
  131  10:21  Refinery  
  131  10:22  Missile Turret  
  131  10:23  Missile Turret  
  131  10:39  Supply Depot  
  131  10:40  Supply Depot  
  131  10:42  Missile Turret  
  131  10:50  SCV x5  
  131  10:54  Battlecruiser x2  
  148  11:13  Orbital Command, Battlecruiser  
  148  11:14  Orbital Command  
  148  11:15  Orbital Command  
  154  11:20  Missile Turret  
  154  11:21  Missile Turret  
  154  11:30  Missile Turret  
  154  11:31  Missile Turret  
  154  11:33  Missile Turret  
  154  11:34  Missile Turret  
  152  12:02  Battlecruiser x2  
  152  12:05  Missile Turret x2  
  152  12:06  Terran Vehicle And Ship Armor Level 2, Terran Ship Weapons Level 2  
  162  12:20  Missile Turret x2  
  168  12:22  Battlecruiser  
  168  12:28  SCV x2  
  170  12:41  Command Center  
  170  12:45  Missile Turret x2  
  170  12:50  Starport  
  170  12:52  Missile Turret  
  170  12:53  Missile Turret, Sensor Tower  
  170  12:55  Missile Turret  
  170  13:05  Missile Turret x2, Sensor Tower  
  170  13:06  Missile Turret  
  176  13:12  Battlecruiser  
  176  13:14  SCV  
  177  13:22  Refinery  
  177  13:27  Missile Turret x2  
  177  13:31  Refinery  
  177  13:47  Missile Turret  
  177  13:48  Starport  
  177  13:50  Supply Depot  
  177  13:51  Supply Depot  
  177  13:53  Command Center, Battlecruiser x2  
  183  14:23  Refinery  
  183  14:30  Command Center  
  183  14:47  Battlecruiser  
  189  14:57  Battlecruiser  
  195  15:01  Starport Tech Lab  
  195  15:06  Starport  
  195  15:17  Orbital Command  
  195  15:21  Missile Turret  
  195  15:23  Command Center  
  195  15:25  Missile Turret  
  195  15:26  Starport Tech Lab  
  195  15:27  Command Center  
  195  15:28  Starport  
  195  15:34  Terran Ship Weapons Level 3, Terran Vehicle And Ship Armor Level 3  
  195  15:36  Missile Turret  
  195  15:37  Missile Turret x2  
  195  15:46  Missile Turret  
  195  15:48  Missile Turret  
  195  16:06  Starport Tech Lab, Refinery  
  195  16:13  Armory  
  195  16:16  Orbital Command  
  195  16:17  Missile Turret  
  195  16:19  Missile Turret  
  195  16:21  Missile Turret  
  195  16:23  Missile Turret x2  
  195  16:24  Missile Turret  
  195  16:25  Missile Turret  
  156  17:09  Battlecruiser  
  156  17:10  Battlecruiser x5  
  185  17:21  Planetary Fortress  
Tags
 
Add a new tag
Caveats
  • Supply blocks, unpowered buildings, or Contaminate may cause inaccurate times.
  • Supply counts are checked every 10 seconds.